3AA
ATLANTIC CITY SONICS @ BILLINGS POLAR BEARS
08/07/2022
 
TOP OF THE 1ST
Atlantic City Sonics batting - Pitching for Billings Polar Bears : LHP Jim Unknown
Pitching: LHP Jim Unknown
Batting: RHB Chris Henderson 0-0: Ball
1-0: Ball
2-0: Ball
3-0: Called Strike
3-1: Foul Ball, location: 2F
3-2: Strikes out looking
Batting: RHB Luis Garza 0-0: Called Strike
0-1: Called Strike
0-2: Ball
1-2: Fly out, F4 (Popup, 4MD)
Batting: LHB Francisco Ortega 0-0: Ball
1-0: Foul Ball, location: 2F
1-1: Swinging Strike
1-2: SINGLE (Line Drive, 9LS)
Batting: RHB Martín Álvarez 0-0: Ball
1-0: SINGLE (Flyball, 9LS)
Francisco Ortega to second
Runner from 2nd tries for 3rd, SAFE, throw made to third
Batting: LHB Pedro López 0-0: Called Strike
0-1: Ball
1-1: Ball
2-1: Ball
3-1: Foul Ball, location: 2F
3-2: Base on Balls
Martín Álvarez to second
Batting: LHB Kip Burks 0-0: Swinging Strike
0-1: Ball
1-1: Swinging Strike
1-2: Strikes out swinging
Top of the 1st over - 0 run(s), 2 hit(s), 0 error(s), 3 left on base; Atlantic City 0 - Billings 0
BOTTOM OF THE 1ST
Billings Polar Bears batting - Pitching for Atlantic City Sonics : RHP Jason Ackerman
Pitching: RHP Jason Ackerman
Batting: RHB Raúl Delgado 0-0: Ball
1-0: Ball
2-0: Fly out, F9 (Flyball, 9M)
Batting: LHB Qi-zhen Loong 0-0: Ball
1-0: Swinging Strike
1-1: Swinging Strike
1-2: Ball
2-2: Ball
3-2: Strikes out looking
Batting: RHB Gerardo Castillo 0-0: Called Strike
0-1: Called Strike
0-2: Foul Ball, location: 2F
0-2: Hit by Pitch
Batting: RHB Nick Miller 0-0: Called Strike
0-1: Ball
1-1: Called Strike
1-2: Strikes out swinging
Bottom of the 1st over - 0 run(s), 0 hit(s), 0 error(s), 1 left on base; Atlantic City 0 - Billings 0
TOP OF THE 2ND
Atlantic City Sonics batting - Pitching for Billings Polar Bears : LHP Jim Unknown
Batting: RHB Ralph Turner 0-0: SINGLE (Groundball, 6MD)
Batting: LHB Neal Hart 0-0: Called Strike
0-1: Ball
1-1: Grounds into double play, 4-6-3 (Groundball, 4)
Batting: LHB Dale Parkinson 0-0: Ground out U3 (Groundball, 3L)
Top of the 2nd over - 0 run(s), 1 hit(s), 0 error(s), 0 left on base; Atlantic City 0 - Billings 0
BOTTOM OF THE 2ND
Billings Polar Bears batting - Pitching for Atlantic City Sonics : RHP Jason Ackerman
Batting: SHB Juan Brito 0-0: Ball
1-0: Called Strike
1-1: Swinging Strike
1-2: Ball
2-2: Strikes out looking
Batting: RHB Jeremy Murphy 0-0: Called Strike
0-1: SINGLE (Groundball, 4M)
Batting: LHB Jesús Reyes 0-0: Ball
1-0: Fielders Choice at 2nd, 6-4 (Groundball, 6)
Batting: RHB Félix Aguilar 0-0: Ball
1-0: Ball
2-0: Ball
3-0: Called Strike
3-1: Ground out 5-3 (Groundball, 56S)
Bottom of the 2nd over - 0 run(s), 1 hit(s), 0 error(s), 1 left on base; Atlantic City 0 - Billings 0
TOP OF THE 3RD
Atlantic City Sonics batting - Pitching for Billings Polar Bears : LHP Jim Unknown
Batting: RHB Chris Henderson 0-0: Called Strike
0-1: Ball
1-1: Called Strike
1-2: Strikes out swinging
Batting: RHB Luis Garza 0-0: Ball
1-0: Called Strike
1-1: Ball
2-1: Swinging Strike
2-2: Strikes out looking
Batting: LHB Francisco Ortega 0-0: Ball
1-0: Called Strike
1-1: Swinging Strike
1-2: Strikes out swinging
Top of the 3rd over - 0 run(s), 0 hit(s), 0 error(s), 0 left on base; Atlantic City 0 - Billings 0
BOTTOM OF THE 3RD
Billings Polar Bears batting - Pitching for Atlantic City Sonics : RHP Jason Ackerman
Batting: RHB Rubén Marino 0-0: Ball
1-0: SINGLE (Line Drive, 89S)
Batting: RHB Raúl Delgado 0-0: Ball
1-0: Ball
2-0: Ball
3-0: Base on Balls
Rubén Marino to second
Batting: LHB Qi-zhen Loong 0-0: Called Strike
0-1: Foul Ball, location: 2F
0-2: Foul Ball, location: 2F
0-2: Ball
1-2: Strikes out swinging
Batting: RHB Gerardo Castillo 0-0: Called Strike
0-1: Ball
1-1: Ball
2-1: Swinging Strike
2-2: Fly out, F7 (Flyball, 7M)
Batting: RHB Nick Miller 0-0: Ball
1-0: Called Strike
1-1: Ball
2-1: Called Strike
2-2: Ball
3-2: SINGLE (Groundball, 56)
Rubén Marino to third
Raúl Delgado to second
Rubén Marino scores
Raúl Delgado to third
Batting: SHB Juan Brito 0-0: Fly out, F2 (Popup, 2LF)
Bottom of the 3rd over - 1 run(s), 2 hit(s), 0 error(s), 2 left on base; Atlantic City 0 - Billings 1
TOP OF THE 4TH
Atlantic City Sonics batting - Pitching for Billings Polar Bears : LHP Jim Unknown
Batting: RHB Martín Álvarez 0-0: Fly out, F7 (Flyball, 7D)
Batting: LHB Pedro López 0-0: Fly out, F5 (Line Drive, 56)
Batting: LHB Kip Burks 0-0: Hit by Pitch
Batting: RHB Ralph Turner 0-0: Ball
1-0: Foul Ball, location: 2F
1-1: Ball
2-1: Called Strike
2-2: Ball
3-2: SINGLE (Groundball, 34D)
Kip Burks to second
Kip Burks to third
Batting: LHB Neal Hart 0-0: Ball
1-0: Ball
2-0: Fly out, F7 (Flyball, 7D)
Top of the 4th over - 0 run(s), 1 hit(s), 0 error(s), 2 left on base; Atlantic City 0 - Billings 1
BOTTOM OF THE 4TH
Billings Polar Bears batting - Pitching for Atlantic City Sonics : RHP Jason Ackerman
Batting: RHB Jeremy Murphy 0-0: Called Strike
0-1: Ball
1-1: Foul Ball, location: 2F
1-2: Strikes out swinging
Batting: LHB Jesús Reyes 0-0: Ball
1-0: Foul Ball, location: 2F
1-1: Swinging Strike
1-2: Strikes out looking
Batting: RHB Félix Aguilar 0-0: Ball
1-0: Ball
2-0: Foul Ball, location: 2F
2-1: SINGLE (Groundball, 34D)
Batting: RHB Rubén Marino 0-0: Ball
1-0: Ball
Wild Pitch!
Félix Aguilar to second
2-0: Called Strike
2-1: Called Strike
2-2: Ground out 4-3 (Groundball, 34)
Bottom of the 4th over - 0 run(s), 1 hit(s), 0 error(s), 1 left on base; Atlantic City 0 - Billings 1
TOP OF THE 5TH
Atlantic City Sonics batting - Pitching for Billings Polar Bears : LHP Jim Unknown
Batting: LHB Dale Parkinson 0-0: SINGLE (Groundball, 34D)
Batting: RHB Chris Henderson 0-0: Sac Bunt - play at first, batter OUT! 3-4
Dale Parkinson to second
Batting: RHB Luis Garza 0-0: Ball
1-0: Called Strike
1-1: Ball
2-1: Ground out 5-3 (Groundball, 5S)
Dale Parkinson to third
Batting: LHB Francisco Ortega 0-0: Ball
1-0: Ground out U3 (Groundball, 3)
Top of the 5th over - 0 run(s), 1 hit(s), 0 error(s), 1 left on base; Atlantic City 0 - Billings 1
BOTTOM OF THE 5TH
Billings Polar Bears batting - Pitching for Atlantic City Sonics : RHP Jason Ackerman
Batting: RHB Raúl Delgado 0-0: Called Strike
0-1: Ground out 4-3 (Groundball, 4)
Batting: LHB Qi-zhen Loong 0-0: Swinging Strike
0-1: Foul Ball, location: 2F
0-2: Ball
1-2: Foul Ball, location: 2F
1-2: Ball
2-2: SINGLE (Line Drive, 6D)
Batting: RHB Gerardo Castillo 0-0: Ball
1-0: DOUBLE (Groundball, 5L)
Qi-zhen Loong to third
Batting: RHB Nick Miller 0-0: Called Strike
0-1: Foul Ball, location: 2F
0-2: Ball
1-2: Strikes out swinging
Batting: SHB Juan Brito 0-0: Called Strike
0-1: Ball
1-1: Fly out, F5 (Popup, 5DF)
Bottom of the 5th over - 0 run(s), 2 hit(s), 0 error(s), 2 left on base; Atlantic City 0 - Billings 1
TOP OF THE 6TH
Atlantic City Sonics batting - Pitching for Billings Polar Bears : LHP Jim Unknown
Batting: RHB Martín Álvarez 0-0: Ball
1-0: Swinging Strike
1-1: Called Strike
1-2: Ball
2-2: SINGLE (Line Drive, 8LS)
Batting: LHB Pedro López 0-0: Ball
1-0: Foul Ball, location: 2F
1-1: Swinging Strike
1-2: Ball
2-2: Ball
3-2: Grounds into double play, 5-4-3 (Groundball, 5L)
Batting: LHB Kip Burks 0-0: Foul Ball, location: 2F
0-1: Ball
1-1: TRIPLE (Line Drive, 89D)
Batting: RHB Ralph Turner 0-0: Ball
1-0: SINGLE (Line Drive, 78M)
Kip Burks scores
Batting: LHB Neal Hart 0-0: Called Strike
0-1: Ball
1-1: Ground out 6-3 (Groundball, 6)
Top of the 6th over - 1 run(s), 3 hit(s), 0 error(s), 1 left on base; Atlantic City 1 - Billings 1
BOTTOM OF THE 6TH
Billings Polar Bears batting - Pitching for Atlantic City Sonics : RHP Jason Ackerman
Batting: RHB Jeremy Murphy 0-0: Ball
1-0: Ball
2-0: Ball
3-0: Called Strike
3-1: Base on Balls
Batting: LHB Jesús Reyes 0-0: DOUBLE (Flyball, 78D)
Jeremy Murphy to third
Batting: RHB Félix Aguilar 0-0: Called Strike
0-1: Swinging Strike
0-2: Strikes out swinging
Batting: RHB Rubén Marino 0-0: Ball
1-0: Foul Ball, location: 2F
1-1: Ball
2-1: Ball
3-1: Base on Balls
Batting: RHB Raúl Delgado 0-0: Ball
1-0: Called Strike
1-1: Ball
2-1: Ball
3-1: Called Strike
3-2: Fly out, F4 (Popup, 34D)
Batting: LHB Qi-zhen Loong 0-0: Called Strike
0-1: Ball
1-1: Ball
2-1: Ball
3-1: Called Strike
3-2: Foul Ball, location: 2F
3-2: Strikes out swinging
Bottom of the 6th over - 0 run(s), 1 hit(s), 0 error(s), 3 left on base; Atlantic City 1 - Billings 1
TOP OF THE 7TH
Atlantic City Sonics batting - Pitching for Billings Polar Bears : LHP Jim Unknown
Pinch Hitting: RHB Edgar Stephenson 0-0: Ball
1-0: Called Strike
1-1: SINGLE (Line Drive, 56)
Batting: RHB Chris Henderson 0-0: Ball
1-0: Sac Bunt - play at second, runner OUT! 2-6
Pinch Hitting: RHB John Terry 0-0: Called Strike
0-1: Swinging Strike
0-2: Strikes out swinging
Batting: LHB Francisco Ortega Pickoff Throw to First - Out!
Top of the 7th over - 0 run(s), 1 hit(s), 0 error(s), 0 left on base; Atlantic City 1 - Billings 1
BOTTOM OF THE 7TH
Billings Polar Bears batting - Pitching for Atlantic City Sonics : RHP Jason Ackerman
Now at 2B: Marty Hayden
Now at SS: Chris Foreman
Batting: RHB Gerardo Castillo 0-0: DOUBLE (Line Drive, 3L)
Pitching: LHP Miguel Canó
Pinch Hitting: RHB Will Robinson 0-0: Intentional Walk
Batting: SHB Juan Brito 0-0: Ball
1-0: Called Strike
1-1: Ball
2-1: Ball
3-1: Base on Balls
Gerardo Castillo to third
Will Robinson to second
Batting: RHB Jeremy Murphy 0-0: Called Strike
0-1: Ball
1-1: Ball
2-1: Foul Ball, location: 2F
2-2: Foul Ball, location: 2F
2-2: Ball
3-2: Grounds into fielders choice 4-2 (Groundball, 13)
Will Robinson to third
Juan Brito to second
Pinch Hitting: RHB Armando Reyes 0-0: Called Strike
0-1: Ball
1-1: DOUBLE (Flyball, 8RXD)
Will Robinson scores
Juan Brito scores
Jeremy Murphy to third
Runner from 3rd tries for Home, throw and OUT!
Armando Reyes to third
Batting: RHB Félix Aguilar 0-0: Fly out, F7 (Flyball, 7LSF)
Bottom of the 7th over - 2 run(s), 2 hit(s), 0 error(s), 1 left on base; Atlantic City 1 - Billings 3
TOP OF THE 8TH
Atlantic City Sonics batting - Pitching for Billings Polar Bears : LHP Jim Unknown
Now at 3B: Armando Reyes
Now in CF: Will Robinson
Batting: LHB Francisco Ortega 0-0: Ball
1-0: Ball
2-0: Fly out, F8 (Flyball, 78M)
Batting: RHB Martín Álvarez 0-0: Called Strike
0-1: Ball
1-1: Ground out 5-3 (Groundball, 56S)
Batting: LHB Pedro López 0-0: Fly out, F7 (Line Drive, 7M)
Top of the 8th over - 0 run(s), 0 hit(s), 0 error(s), 0 left on base; Atlantic City 1 - Billings 3
BOTTOM OF THE 8TH
Billings Polar Bears batting - Pitching for Atlantic City Sonics : LHP Miguel Canó
Batting: RHB Rubén Marino 0-0: Foul Ball, location: 2F
0-1: Fly out, F4 (Popup, 4D)
Batting: RHB Raúl Delgado 0-0: Called Strike
0-1: Called Strike
0-2: Strikes out swinging
Batting: LHB Qi-zhen Loong 0-0: Ball
1-0: Ball
2-0: Foul Ball, location: 2F
2-1: SOLO HOME RUN (Flyball, 9D), Distance : 367 ft
Pitching: LHP José Sandoval
Batting: RHB Gerardo Castillo 0-0: Foul Ball, location: 2F
0-1: Ball
1-1: Foul Ball, location: 2F
1-2: Ground out 1-3 (Groundball, 25)
Bottom of the 8th over - 1 run(s), 1 hit(s), 0 error(s), 0 left on base; Atlantic City 1 - Billings 4
TOP OF THE 9TH
Atlantic City Sonics batting - Pitching for Billings Polar Bears : LHP Jim Unknown
Pitching: RHP Jim Unknown
Batting: LHB Kip Burks 0-0: Foul Ball, location: 2F
0-1: Swinging Strike
0-2: Strikes out swinging
Batting: RHB Ralph Turner 0-0: Swinging Strike
0-1: Called Strike
0-2: Strikes out swinging
Batting: LHB Neal Hart 0-0: Ball
1-0: Called Strike
1-1: Ball
2-1: Ground out 1-3 (Groundball, 13S)
Top of the 9th over - 0 run(s), 0 hit(s), 0 error(s), 0 left on base; Atlantic City 1 - Billings 4
This league is powered by Out of the Park Baseball, the baseball management simulation game for PC, Mac and Linux
Friday, April 15th, 2016 - OOTP Baseball 16.9 Build 39